[ AOE2 MATCH · #462641024 ]
UnrankedPersians vs Bulgarians
[ REPLAY ANALYSIS · EXTRACTED FROM THE RECORDED GAME ]
Feudal
10:28
Castle
14:05
Imperial
29:18
| APM avg | 27.5 |
| APM peak | 57 |
| eAPM avg | 21.2 |
| Villagers / military | 150 / 1024 |
Focus
⚔️ 52.9% · 🌾 47.1%
War Elephant ×611 · Archer ×286 · Knight ×106 · Trade Cart ×65 · Bombard Cannon ×14 · Scorpion ×6
Feudal
11:52
Castle
15:54
Imperial
33:16
| APM avg | 41.5 |
| APM peak | 109 |
| eAPM avg | 37.6 |
| Villagers / military | 313 / 1776 |
Focus
⚔️ 55.8% · 🌾 44.2%
Knight ×1287 · Trade Cart ×174 · Throwing Axeman ×174 · Scorpion ×136 · Bombard Cannon ×132 · Mangonel ×40
Feudal
11:39
Castle
17:02
Imperial
29:26
| APM avg | 37.2 |
| APM peak | 95 |
| eAPM avg | 29.2 |
| Villagers / military | 186 / 846 |
Focus
⚔️ 51.9% · 🌾 48.1%
Spearman ×473 · Battering Ram ×140 · Scorpion ×99 · Trade Cart ×96 · Woad Raider ×76 · Mangonel ×55
Feudal
14:01
Castle
18:53
Imperial
39:08
| APM avg | 27.8 |
| APM peak | 66 |
| eAPM avg | 24.1 |
| Villagers / military | 316 / 920 |
Focus
⚔️ 27.6% · 🌾 72.4%
Knight ×640 · Camel Scout ×232 · Trade Cart ×95 · Cataphract ×45 · Trebuchet (Packed) ×3
Feudal
—
Castle
—
Imperial
—
| APM avg | 652.3 |
| APM peak | 2256 |
| eAPM avg | 651.4 |
| Villagers / military | 0 / 1451 |
Focus
⚔️ 37.6% · 🌾 62.4%
Spearman ×598 · Militia ×459 · Scout Cavalry ×266 · Konnik ×60 · Battering Ram ×45 · Trebuchet (Packed) ×14
Feudal
—
Castle
—
Imperial
—
| APM avg | 889.2 |
| APM peak | 2330 |
| eAPM avg | 887.2 |
| Villagers / military | 0 / 1850 |
Focus
⚔️ 55.7% · 🌾 44.3%
Boyar ×904 · Spearman ×864 · Battering Ram ×56 · Trebuchet (Packed) ×15 · Monk ×5 · Scout Cavalry ×4
Feudal
—
Castle
—
Imperial
—
| APM avg | 985.1 |
| APM peak | 3313 |
| eAPM avg | 983.6 |
| Villagers / military | 0 / 2888 |
Focus
⚔️ 53.8% · 🌾 46.2%
Coustillier ×917 · Spearman ×872 · Knight ×534 · Hand Cannoneer ×320 · Scout Cavalry ×58 · Battering Ram ×53
Feudal
—
Castle
—
Imperial
—
| APM avg | 1630.5 |
| APM peak | 5376 |
| eAPM avg | 1628.2 |
| Villagers / military | 0 / 1813 |
Focus
⚔️ 57.5% · 🌾 42.5%
War Wagon ×1225 · Scout Cavalry ×236 · Battering Ram ×150 · Bombard Cannon ×104 · Monk ×51 · Trebuchet (Packed) ×47
Match map
Initial resources + every placement click. Lines = walls · curves = elevation contours. ◆ gold · ⬟ stone · ● berries · ✦ relic · ◌ wall gap
Your base· ✓ Closed at 14:05 · 1t walls · no gate
叶火火's base· ✓ Closed at 15:54 · 205t walls · no gate
Nice2meu's base· ✓ Closed at 17:02 · 95t walls · no gate
看着我飘...'s base· ✓ Closed at 18:53 · 140t walls · no gate
's base· Open — opponent sealed themselves in
's base· Open — opponent sealed themselves in
's base· Open — opponent sealed themselves in
's base· Open — opponent sealed themselves in
Smoothed initial terrain · ◌ = detected wall gap · hover for details
Inputs per minute
— 探吉教~Iron man - - 叶火火
Build order — 探吉教~Iron man
First 150 of 1087 actions detected
| 0:01 | Create | Villager (Male) |
| 0:02 | Build | House |
| 0:04 | Build | House |
| 0:22 | Create | Villager (Male) |
| 0:22 | Create | Villager (Male) |
| 0:23 | Create | Villager (Male) |
| 0:23 | Create | Villager (Male) |
| 1:20 | Build | Palisade Wall |
| 1:26 | Create | Villager (Male) |
| 1:44 | Build | Lumber Camp |
| 2:06 | Create | Villager (Male) |
| 2:17 | Create | Villager (Male) |
| 2:18 | Create | Villager (Male) |
| 3:07 | Create | Villager (Male) |
| 3:07 | Create | Villager (Male) |
| 3:15 | Create | Villager (Male) |
| 3:15 | Create | Villager (Male) |
| 4:16 | Create | Villager (Male) |
| 4:16 | Create | Villager (Male) |
| 4:44 | Create | Villager (Male) |
| 4:45 | Create | Villager (Male) |
| 4:45 | Create | Villager (Male) |
| 5:33 | Build | Mill |
| 5:37 | Create | Villager (Male) |
| 5:37 | Create | Villager (Male) |
| 5:37 | Create | Villager (Male) |
| 7:11 | Create | Villager (Male) |
| 7:12 | Create | Villager (Male) |
| 7:12 | Create | Villager (Male) |
| 8:08 | Build | Lumber Camp |
| 8:15 | Build | Mining Camp |
| 8:25 | Research | Feudal Age |
| 9:55 | Create | Villager (Male) |
| 9:55 | Create | Villager (Male) |
| 10:28 | Age | Feudal Age |
| 10:32 | Build | Market |
| 10:41 | Build | Blacksmith |
| 11:37 | Build | Lumber Camp |
| 11:39 | Research | Castle Age |
| 11:44 | Research | Double-Bit Axe |
| 11:50 | Research | Horse Collar |
| 12:09 | Build | Farm |
| 12:09 | Build | Farm |
| 12:16 | Build | Farm |
| 12:16 | Build | Farm |
| 12:17 | Build | Farm |
| 12:24 | Build | Farm |
| 12:32 | Build | Farm |
| 12:38 | Build | Farm |
| 14:05 | Age | Castle Age |
| 14:06 | Create | Villager (Male) |
| 14:06 | Create | Villager (Male) |
| 14:06 | Create | Villager (Male) |
| 14:06 | Create | Villager (Male) |
| 14:09 | Research | Bow Saw |
| 14:21 | Build | Town Center |
| 14:46 | Build | Town Center |
| 14:56 | Research | Heavy Plow |
| 15:30 | Create | Villager (Male) |
| 15:31 | Create | Villager (Male) |
| 15:52 | Create | Villager (Male) |
| 15:52 | Create | Villager (Male) |
| 15:55 | Build | Farm |
| 15:59 | Build | Farm |
| 16:14 | Create | Villager (Male) |
| 16:14 | Create | Villager (Male) |
| 16:21 | Create | Villager (Male) |
| 16:28 | Create | Villager (Male) |
| 16:39 | Build | Monastery |
| 16:46 | Build | Farm |
| 16:49 | Build | Farm |
| 16:53 | Build | Farm |
| 16:56 | Create | Villager (Male) |
| 16:57 | Create | Villager (Male) |
| 17:20 | Create | Villager (Male) |
| 17:21 | Create | Monk |
| 17:30 | Create | Villager (Male) |
| 17:32 | Create | Villager (Male) |
| 17:45 | Build | Mill |
| 17:48 | Build | Farm |
| 17:49 | Build | Farm |
| 17:49 | Build | Farm |
| 17:49 | Build | Farm |
| 17:50 | Build | Farm |
| 17:50 | Build | Farm |
| 17:57 | Create | Villager (Male) |
| 17:57 | Create | Villager (Male) |
| 17:58 | Create | Villager (Male) |
| 18:31 | Create | Villager (Male) |
| 18:31 | Create | Villager (Male) |
| 18:32 | Create | Villager (Male) |
| 18:37 | Build | Farm |
| 18:38 | Build | Farm |
| 18:49 | Build | Mill |
| 18:53 | Build | Farm |
| 18:53 | Build | Farm |
| 18:54 | Build | Farm |
| 18:54 | Build | Farm |
| 18:54 | Build | Farm |
| 18:55 | Build | Farm |
| 18:56 | Create | Villager (Male) |
| 18:56 | Create | Villager (Male) |
| 18:57 | Create | Villager (Male) |
| 19:16 | Create | Villager (Male) |
| 19:20 | Create | Villager (Male) |
| 19:21 | Create | Villager (Male) |
| 19:22 | Create | Villager (Male) |
| 19:36 | Build | House |
| 19:37 | Build | House |
| 19:48 | Research | Wheelbarrow |
| 20:05 | Build | Town Center |
| 20:06 | Create | Villager (Male) |
| 20:07 | Create | Villager (Male) |
| 20:07 | Create | Villager (Male) |
| 20:07 | Create | Villager (Male) |
| 20:17 | Build | Market |
| 20:44 | Create | Villager (Male) |
| 20:44 | Create | Villager (Male) |
| 20:44 | Create | Villager (Male) |
| 20:44 | Create | Villager (Male) |
| 20:45 | Create | Villager (Male) |
| 20:45 | Create | Villager (Male) |
| 20:45 | Create | Villager (Male) |
| 20:56 | Create | Villager (Male) |
| 20:56 | Create | Villager (Male) |
| 21:10 | Build | Farm |
| 21:10 | Build | Farm |
| 21:19 | Build | Mining Camp |
| 21:21 | Create | Villager (Male) |
| 21:22 | Create | Villager (Male) |
| 21:26 | Create | Villager (Male) |
| 21:32 | Build | House |
| 21:34 | Build | House |
| 21:35 | Build | House |
| 21:38 | Create | Villager (Male) |
| 21:39 | Create | Villager (Male) |
| 21:40 | Create | Villager (Male) |
| 21:41 | Create | Villager (Male) |
| 21:46 | Build | Farm |
| 21:46 | Build | Farm |
| 21:49 | Build | Farm |
| 21:52 | Build | Farm |
| 21:52 | Build | Farm |
| 21:57 | Build | Farm |
| 22:02 | Research | Gold Mining |
| 22:05 | Research | Stone Mining |
| 22:09 | Create | Villager (Male) |
| 22:09 | Create | Villager (Male) |
| 22:23 | Build | Mining Camp |
| 22:27 | Create | Villager (Male) |
Build order — 叶火火
First 150 of 1758 actions detected
| 0:03 | Build | House |
| 0:04 | Build | House |
| 0:05 | Create | Villager (Male) |
| 0:05 | Create | Villager (Male) |
| 0:06 | Build | House |
| 0:09 | Build | House |
| 0:10 | Create | Villager (Male) |
| 0:10 | Create | Villager (Male) |
| 0:45 | Research | Loom |
| 1:37 | Build | Palisade Wall |
| 1:40 | Create | Villager (Male) |
| 2:19 | Create | Villager (Male) |
| 2:29 | Build | Palisade Wall |
| 2:37 | Create | Villager (Male) |
| 3:01 | Create | Villager (Male) |
| 3:02 | Create | Villager (Male) |
| 3:15 | Create | Villager (Male) |
| 3:15 | Create | Villager (Male) |
| 3:44 | Create | Villager (Male) |
| 3:45 | Create | Villager (Male) |
| 3:50 | Create | Villager (Male) |
| 3:50 | Create | Villager (Male) |
| 4:30 | Create | Villager (Male) |
| 4:58 | Create | Villager (Male) |
| 4:58 | Create | Villager (Male) |
| 5:22 | Build | Lumber Camp |
| 5:38 | Build | Palisade Wall |
| 5:40 | Create | Villager (Male) |
| 5:51 | Create | Villager (Male) |
| 6:06 | Build | Mill |
| 6:29 | Create | Villager (Male) |
| 6:41 | Build | Palisade Wall |
| 6:45 | Create | Villager (Male) |
| 7:05 | Build | Palisade Wall |
| 7:20 | Create | Villager (Male) |
| 7:28 | Create | Villager (Male) |
| 7:28 | Create | Villager (Male) |
| 7:50 | Create | Villager (Male) |
| 8:11 | Create | Villager (Male) |
| 8:22 | Create | Villager (Male) |
| 8:40 | Create | Villager (Male) |
| 9:39 | Research | Feudal Age |
| 10:02 | Build | Mining Camp |
| 10:24 | Create | Villager (Male) |
| 10:24 | Create | Villager (Male) |
| 11:52 | Age | Feudal Age |
| 11:57 | Build | Market |
| 12:03 | Build | Stone Wall |
| 12:07 | Build | Stone Wall |
| 12:11 | Build | Stone Wall |
| 12:28 | Build | Blacksmith |
| 12:49 | Create | Villager (Male) |
| 13:10 | Research | Castle Age |
| 13:14 | Research | Double-Bit Axe |
| 13:31 | Build | Stone Wall |
| 13:43 | Build | Stone Wall |
| 13:59 | Build | Stone Wall |
| 14:01 | Build | Stone Wall |
| 14:04 | Build | Stone Wall |
| 14:12 | Build | Stone Wall |
| 14:18 | Build | Stone Wall |
| 14:28 | Build | Farm |
| 14:30 | Build | Farm |
| 14:32 | Build | Farm |
| 14:35 | Build | Farm |
| 14:36 | Build | Farm |
| 14:49 | Build | Farm |
| 14:57 | Build | Farm |
| 15:01 | Build | Farm |
| 15:34 | Research | Wheelbarrow |
| 15:38 | Create | Villager (Male) |
| 15:54 | Age | Castle Age |
| 15:59 | Build | Town Center |
| 16:03 | Create | Villager (Male) |
| 16:03 | Create | Villager (Male) |
| 16:45 | Research | Bow Saw |
| 17:31 | Build | Town Center |
| 17:39 | Create | Villager (Male) |
| 17:41 | Create | Villager (Male) |
| 17:49 | Build | Farm |
| 18:06 | Create | Villager (Male) |
| 18:07 | Create | Villager (Male) |
| 18:16 | Create | Villager (Male) |
| 18:42 | Build | Farm |
| 18:47 | Build | Farm |
| 18:50 | Create | Villager (Male) |
| 19:00 | Build | Farm |
| 19:00 | Create | Villager (Male) |
| 19:00 | Create | Villager (Male) |
| 19:01 | Create | Villager (Male) |
| 19:01 | Create | Villager (Male) |
| 19:02 | Create | Villager (Male) |
| 19:08 | Create | Villager (Male) |
| 19:08 | Create | Villager (Male) |
| 19:21 | Build | Farm |
| 19:23 | Create | Villager (Male) |
| 19:30 | Create | Villager (Male) |
| 19:37 | Build | Farm |
| 19:41 | Build | Farm |
| 19:46 | Build | Farm |
| 19:47 | Create | Villager (Male) |
| 20:01 | Create | Villager (Male) |
| 20:08 | Create | Villager (Male) |
| 20:17 | Create | Villager (Male) |
| 20:17 | Create | Villager (Male) |
| 20:18 | Create | Villager (Male) |
| 20:24 | Build | Town Center |
| 20:30 | Create | Villager (Male) |
| 20:41 | Build | Farm |
| 20:47 | Build | Farm |
| 20:49 | Create | Villager (Male) |
| 20:51 | Build | Farm |
| 20:52 | Create | Villager (Male) |
| 20:53 | Create | Villager (Male) |
| 21:08 | Create | Villager (Male) |
| 21:19 | Create | Villager (Male) |
| 21:27 | Build | Farm |
| 21:29 | Build | Farm |
| 21:31 | Build | Farm |
| 21:34 | Create | Villager (Male) |
| 21:39 | Create | Villager (Male) |
| 21:40 | Create | Villager (Male) |
| 21:45 | Build | Farm |
| 21:46 | Build | Farm |
| 21:49 | Build | Farm |
| 21:52 | Create | Villager (Male) |
| 21:53 | Create | Villager (Male) |
| 21:56 | Create | Villager (Male) |
| 21:58 | Create | Villager (Male) |
| 22:05 | Build | Town Center |
| 22:06 | Create | Villager (Male) |
| 22:14 | Create | Villager (Male) |
| 22:20 | Create | Villager (Male) |
| 22:25 | Build | Town Center |
| 22:27 | Create | Villager (Male) |
| 22:32 | Create | Villager (Male) |
| 22:33 | Create | Villager (Male) |
| 22:41 | Create | Villager (Male) |
| 22:52 | Create | Villager (Male) |
| 22:53 | Create | Villager (Male) |
| 22:55 | Create | Villager (Male) |
| 23:03 | Build | Town Center |
| 23:06 | Create | Villager (Male) |
| 23:06 | Create | Villager (Male) |
| 23:12 | Create | Villager (Male) |
| 23:23 | Build | Farm |
| 23:26 | Build | Farm |
| 23:28 | Build | Farm |
| 23:29 | Create | Villager (Male) |
| 23:30 | Create | Villager (Male) |
Build order — Nice2meu
First 150 of 915 actions detected
| 0:04 | Research | Loom |
| 0:10 | Build | House |
| 0:11 | Build | House |
| 0:12 | Build | House |
| 0:20 | Create | Villager (Male) ×4 |
| 0:21 | Create | Villager (Male) ×4 |
| 1:13 | Build | Palisade Wall |
| 1:54 | Create | Villager (Male) |
| 2:32 | Create | Villager (Male) |
| 3:01 | Create | Villager (Male) |
| 3:01 | Create | Villager (Male) |
| 3:22 | Create | Villager (Male) |
| 3:22 | Create | Villager (Male) |
| 3:44 | Create | Villager (Male) |
| 4:18 | Create | Villager (Male) |
| 4:28 | Build | Lumber Camp |
| 4:54 | Create | Villager (Male) |
| 4:55 | Create | Villager (Male) |
| 5:01 | Build | Palisade Wall |
| 5:31 | Create | Villager (Male) |
| 6:08 | Create | Villager (Male) |
| 6:09 | Create | Villager (Male) |
| 6:09 | Create | Villager (Male) |
| 6:10 | Build | Mill |
| 6:23 | Create | Villager (Male) |
| 6:42 | Build | Palisade Wall |
| 7:03 | Create | Villager (Male) |
| 7:04 | Create | Villager (Male) |
| 7:35 | Create | Villager (Male) |
| 7:35 | Create | Villager (Male) |
| 7:39 | Create | Villager (Male) |
| 7:40 | Create | Villager (Male) |
| 8:51 | Build | Palisade Wall |
| 9:14 | Build | Mining Camp |
| 9:29 | Research | Feudal Age |
| 9:29 | Research | Feudal Age |
| 10:49 | Build | Palisade Wall |
| 11:25 | Create | Villager (Male) |
| 11:25 | Create | Villager (Male) |
| 11:39 | Age | Feudal Age |
| 11:41 | Build | Market |
| 12:14 | Create | Villager (Male) |
| 12:39 | Build | Mining Camp |
| 12:54 | Build | Stone Wall |
| 13:06 | Create | Villager (Male) |
| 13:11 | Create | Villager (Male) |
| 13:18 | Build | Blacksmith |
| 13:47 | Create | Villager (Male) |
| 14:22 | Research | Castle Age |
| 14:22 | Research | Castle Age |
| 14:34 | Build | Stone Wall |
| 14:59 | Research | Horse Collar |
| 15:00 | Research | Double-Bit Axe |
| 15:28 | Build | Farm |
| 15:29 | Build | Farm |
| 15:31 | Build | Farm |
| 15:32 | Build | Farm |
| 15:57 | Build | Farm |
| 16:05 | Build | Farm |
| 16:15 | Build | Farm |
| 16:16 | Build | Farm |
| 16:17 | Build | Farm |
| 16:18 | Build | Farm |
| 16:19 | Build | Farm |
| 16:20 | Build | Farm |
| 16:26 | Build | Stone Wall |
| 16:57 | Create | Villager (Male) |
| 16:58 | Create | Villager (Male) |
| 16:58 | Create | Villager (Male) |
| 17:02 | Age | Castle Age |
| 17:06 | Build | Monastery |
| 17:15 | Research | Heavy Plow |
| 17:34 | Build | Town Center |
| 17:49 | Create | Monk |
| 17:50 | Create | Monk |
| 17:58 | Create | Villager (Male) |
| 18:01 | Create | Villager (Male) |
| 18:05 | Build | Stone Wall |
| 18:54 | Create | Monk |
| 18:55 | Create | Villager (Male) |
| 18:56 | Create | Villager (Male) |
| 19:00 | Build | Farm |
| 19:01 | Build | Farm |
| 19:02 | Build | Farm |
| 19:06 | Create | Villager (Male) |
| 19:18 | Create | Villager (Male) |
| 19:25 | Create | Villager (Male) |
| 19:25 | Create | Villager (Male) |
| 19:25 | Create | Villager (Male) |
| 20:04 | Create | Villager (Male) |
| 20:06 | Build | Farm |
| 20:07 | Build | Farm |
| 20:08 | Build | Farm |
| 20:10 | Build | Farm |
| 20:11 | Build | Farm |
| 20:15 | Build | Stone Wall |
| 20:19 | Create | Villager (Male) |
| 20:20 | Create | Villager (Male) |
| 20:21 | Create | Villager (Male) |
| 20:23 | Create | Villager (Male) |
| 20:49 | Research | Fervor |
| 20:52 | Create | Villager (Male) |
| 20:52 | Create | Villager (Male) |
| 20:53 | Create | Villager (Male) |
| 20:54 | Create | Villager (Male) |
| 20:54 | Create | Villager (Male) |
| 21:00 | Build | Siege Workshop |
| 21:06 | Create | Villager (Male) |
| 21:07 | Create | Villager (Male) |
| 21:08 | Create | Villager (Male) |
| 21:24 | Create | Villager (Male) |
| 21:50 | Create | Villager (Male) |
| 21:51 | Build | Farm |
| 21:52 | Build | Farm |
| 21:53 | Build | Farm |
| 21:56 | Create | Villager (Male) |
| 21:57 | Create | Mangonel |
| 22:07 | Create | Villager (Male) |
| 22:09 | Create | Villager (Male) |
| 22:12 | Research | Bow Saw |
| 22:27 | Build | Stone Wall |
| 22:37 | Create | Mangonel |
| 22:45 | Create | Villager (Male) |
| 22:46 | Create | Villager (Male) |
| 22:46 | Create | Villager (Male) |
| 23:02 | Build | University |
| 23:11 | Create | Villager (Male) |
| 23:18 | Build | Farm |
| 23:49 | Create | Villager (Male) |
| 23:53 | Build | Farm |
| 23:54 | Build | Farm |
| 23:55 | Build | Farm |
| 23:57 | Create | Villager (Male) |
| 24:42 | Build | Stone Wall |
| 24:47 | Build | Mill |
| 24:48 | Create | Villager (Male) |
| 24:50 | Build | Farm |
| 24:51 | Build | Farm |
| 24:53 | Create | Villager (Male) |
| 24:53 | Create | Villager (Male) |
| 24:53 | Create | Villager (Male) |
| 24:59 | Create | Mangonel |
| 26:16 | Research | Imperial Age |
| 26:20 | Create | Villager (Male) |
| 26:20 | Create | Villager (Male) |
| 26:20 | Create | Villager (Male) |
| 26:26 | Build | Town Center |
| 26:43 | Create | Mangonel |
| 26:43 | Create | Mangonel |
| 26:45 | Create | Villager (Male) |
Build order — 看着我飘...
First 150 of 1365 actions detected
| 0:03 | Create | Villager (Male) |
| 0:03 | Create | Villager (Male) |
| 0:04 | Create | Villager (Male) |
| 0:07 | Build | House |
| 0:08 | Build | House |
| 0:11 | Build | House |
| 0:11 | Build | House |
| 0:11 | Build | House |
| 0:24 | Research | Loom |
| 0:25 | Create | Villager (Male) |
| 0:29 | Create | Villager (Male) |
| 0:30 | Create | Villager (Male) |
| 0:30 | Create | Villager (Male) |
| 1:55 | Create | Villager (Male) |
| 2:15 | Build | Palisade Wall |
| 2:21 | Build | Palisade Wall |
| 2:26 | Build | Palisade Wall |
| 2:29 | Build | Palisade Wall |
| 2:31 | Build | Palisade Wall |
| 2:42 | Create | Villager (Male) |
| 2:42 | Create | Villager (Male) |
| 3:19 | Create | Villager (Male) |
| 3:20 | Create | Villager (Male) |
| 3:20 | Create | Villager (Male) |
| 3:30 | Create | Villager (Male) |
| 3:31 | Create | Villager (Male) |
| 4:25 | Create | Villager (Male) |
| 4:26 | Create | Villager (Male) |
| 4:26 | Create | Villager (Male) |
| 4:26 | Create | Villager (Male) |
| 4:47 | Create | Villager (Male) |
| 4:48 | Create | Villager (Male) |
| 5:24 | Build | Palisade Wall |
| 5:36 | Create | Villager (Male) |
| 5:36 | Create | Villager (Male) |
| 5:36 | Create | Villager (Male) |
| 6:08 | Build | Palisade Wall |
| 6:09 | Build | Palisade Wall |
| 6:15 | Create | Villager (Male) |
| 6:15 | Create | Villager (Male) |
| 6:47 | Create | Villager (Male) |
| 6:49 | Create | Villager (Male) |
| 7:28 | Build | Mill |
| 7:35 | Build | Lumber Camp |
| 8:20 | Build | Palisade Wall |
| 8:23 | Build | Palisade Wall |
| 9:01 | Create | Villager (Male) |
| 9:02 | Create | Villager (Male) |
| 9:04 | Create | Villager (Male) |
| 9:23 | Build | Palisade Wall |
| 10:16 | Build | Palisade Wall |
| 10:18 | Build | Palisade Wall |
| 10:32 | Create | Villager (Male) |
| 10:32 | Create | Villager (Male) |
| 10:33 | Create | Villager (Male) |
| 10:41 | Build | Mining Camp |
| 11:41 | Build | House |
| 11:42 | Build | House |
| 11:51 | Research | Feudal Age |
| 11:51 | Research | Feudal Age |
| 14:01 | Age | Feudal Age |
| 14:05 | Build | Stone Wall |
| 14:09 | Build | Stone Wall |
| 14:19 | Build | Market |
| 14:22 | Build | Blacksmith |
| 14:33 | Create | Villager (Male) |
| 14:34 | Create | Villager (Male) |
| 14:35 | Create | Villager (Male) |
| 14:37 | Create | Villager (Male) |
| 15:34 | Build | Stone Wall |
| 15:51 | Research | Castle Age |
| 16:14 | Build | Stone Wall |
| 16:16 | Build | Stone Wall |
| 16:49 | Build | Farm |
| 16:50 | Build | Farm |
| 16:50 | Build | Farm |
| 16:51 | Build | Farm |
| 16:51 | Build | Farm |
| 16:52 | Build | Farm |
| 16:52 | Build | Farm |
| 16:54 | Build | Farm |
| 17:19 | Build | Stone Wall |
| 17:20 | Build | Stone Wall |
| 17:40 | Build | Stone Wall |
| 17:41 | Build | Stone Wall |
| 18:01 | Build | Stone Wall |
| 18:29 | Build | Stone Wall |
| 18:36 | Build | Stone Wall |
| 18:41 | Create | Villager (Male) |
| 18:42 | Create | Villager (Male) |
| 18:45 | Create | Villager (Male) |
| 18:53 | Age | Castle Age |
| 19:10 | Create | Villager (Male) |
| 19:16 | Build | Farm |
| 19:16 | Build | Farm |
| 19:17 | Build | Farm |
| 19:17 | Build | Farm |
| 19:17 | Build | Farm |
| 19:18 | Build | Farm |
| 19:22 | Create | Villager (Male) |
| 19:50 | Build | Stone Wall |
| 19:58 | Build | Stone Wall |
| 20:19 | Build | Farm |
| 20:19 | Build | Farm |
| 20:20 | Build | Farm |
| 20:20 | Build | Farm |
| 20:20 | Build | Farm |
| 20:20 | Build | Farm |
| 20:21 | Build | Farm |
| 20:21 | Build | Farm |
| 20:22 | Build | Farm |
| 20:22 | Build | Farm |
| 20:23 | Build | Farm |
| 20:27 | Create | Villager (Male) |
| 20:52 | Build | Stone Wall |
| 21:12 | Build | Stone Wall |
| 21:32 | Create | Villager (Male) |
| 21:33 | Create | Villager (Male) |
| 21:35 | Create | Villager (Male) |
| 21:48 | Build | University |
| 21:51 | Create | Villager (Male) |
| 22:05 | Create | Villager (Male) |
| 22:06 | Create | Villager (Male) |
| 22:19 | Build | Stone Wall |
| 22:39 | Build | Town Center |
| 22:48 | Create | Villager (Male) |
| 22:53 | Research | Fortified Wall (upgrade) |
| 23:15 | Build | Stone Wall |
| 23:25 | Create | Villager (Male) |
| 23:26 | Create | Villager (Male) |
| 23:26 | Create | Villager (Male) |
| 23:26 | Create | Villager (Male) |
| 23:28 | Create | Villager (Male) |
| 23:29 | Create | Villager (Male) |
| 23:35 | Build | Farm |
| 23:36 | Build | Farm |
| 23:38 | Build | Farm |
| 24:12 | Build | Stone Wall |
| 24:23 | Create | Villager (Male) |
| 24:28 | Build | Town Center |
| 24:33 | Create | Villager (Male) |
| 24:37 | Build | Farm |
| 24:38 | Build | Farm |
| 24:39 | Build | Farm |
| 24:40 | Build | Farm |
| 24:42 | Build | Farm |
| 24:44 | Build | Farm |
| 24:48 | Create | Villager (Male) |
| 24:51 | Create | Villager (Male) |
| 24:51 | Create | Villager (Male) |
Build order —
First 150 of 1869 actions detected
| 0:00 | Build | House |
| 0:02 | Build | House |
| 1:41 | Build | Lumber Camp |
| 2:00 | Build | Mill |
| 2:14 | Build | Lumber Camp |
| 4:57 | Build | Mining Camp |
| 5:51 | Research | Tech None |
| 6:41 | Research | Tech None |
| 6:41 | Build | Barracks |
| 8:52 | Build | Market |
| 8:53 | Research | Tech None |
| 8:53 | Build | Blacksmith |
| 8:54 | Research | Tech None |
| 8:54 | Build | Stable |
| 8:56 | Build | Farm |
| 8:57 | Build | Farm |
| 8:57 | Build | Farm |
| 9:04 | Research | Tech None |
| 9:14 | Build | Farm |
| 9:20 | Build | Farm |
| 9:27 | Build | Farm |
| 9:41 | Research | Tech None |
| 9:41 | Research | Tech None |
| 9:46 | Build | Farm |
| 9:50 | Build | Farm |
| 10:06 | Build | Farm |
| 10:11 | Build | Farm |
| 10:17 | Build | Farm |
| 10:30 | Build | Farm |
| 12:22 | Research | Tech None |
| 12:22 | Research | Tech None |
| 12:23 | Research | Tech None |
| 12:23 | Build | Town Center |
| 12:50 | Build | Town Center |
| 13:10 | Research | Tech None |
| 13:25 | Build | Stable |
| 13:27 | Research | Tech None |
| 13:48 | Build | Monastery |
| 14:01 | Research | Tech None |
| 14:17 | Build | Stable |
| 14:36 | Research | Tech None |
| 14:41 | Build | Stable |
| 15:08 | Build | Siege Workshop |
| 15:34 | Build | Town Center |
| 15:57 | Research | Tech None |
| 16:29 | Build | Farm |
| 16:35 | Build | Farm |
| 17:03 | Build | Farm |
| 17:03 | Build | Farm |
| 17:18 | Research | Tech None |
| 17:20 | Build | Farm |
| 17:26 | Build | Farm |
| 17:37 | Build | Farm |
| 17:47 | Build | Farm |
| 17:56 | Research | Tech None |
| 18:06 | Build | Market |
| 18:11 | Build | Farm |
| 18:27 | Build | Farm |
| 18:28 | Build | Farm |
| 18:37 | Build | Farm |
| 18:38 | Build | Market |
| 18:52 | Build | Farm |
| 19:04 | Build | Farm |
| 19:14 | Build | Mining Camp |
| 19:14 | Build | Market |
| 19:17 | Research | Tech None |
| 19:18 | Research | Tech None |
| 19:18 | Research | Tech None |
| 19:22 | Research | Tech None |
| 19:25 | Build | Lumber Camp |
| 19:49 | Research | Tech None |
| 20:05 | Build | Barracks |
| 20:31 | Build | University |
| 20:35 | Build | Lumber Camp |
| 20:40 | Build | Barracks |
| 20:46 | Build | Barracks |
| 21:03 | Build | University |
| 21:16 | Build | Barracks |
| 21:19 | Build | Barracks |
| 21:20 | Build | Barracks |
| 21:33 | Research | Tech None |
| 21:37 | Build | Farm |
| 21:48 | Build | Siege Workshop |
| 21:51 | Build | Barracks |
| 21:55 | Build | Farm |
| 21:57 | Build | Castle |
| 21:58 | Build | Mining Camp |
| 21:59 | Build | Farm |
| 22:17 | Build | Stable |
| 22:21 | Build | Farm |
| 22:23 | Build | Farm |
| 22:25 | Build | Farm |
| 22:26 | Build | Farm |
| 22:27 | Build | Farm |
| 22:28 | Research | Tech None |
| 22:28 | Research | Tech None |
| 22:28 | Research | Tech None |
| 22:29 | Research | Tech None |
| 22:30 | Build | Farm |
| 22:35 | Build | Stable |
| 22:37 | Build | Stable |
| 22:43 | Build | Farm |
| 22:50 | Research | Tech None |
| 22:52 | Build | Farm |
| 22:53 | Build | Farm |
| 22:56 | Build | Farm |
| 23:03 | Build | Archery Range |
| 23:06 | Build | Archery Range |
| 23:12 | Build | Farm |
| 23:16 | Build | Archery Range |
| 23:19 | Research | Tech None |
| 23:19 | Build | Farm |
| 23:23 | Build | Archery Range |
| 23:24 | Research | Tech None |
| 23:27 | Build | Lumber Camp |
| 23:32 | Build | Stable |
| 23:45 | Build | Stable |
| 23:48 | Build | Stable |
| 23:49 | Build | Farm |
| 23:51 | Research | Tech None |
| 23:53 | Build | Stable |
| 23:55 | Build | Farm |
| 24:00 | Build | Archery Range |
| 24:04 | Build | Farm |
| 24:06 | Build | Farm |
| 24:09 | Research | Tech None |
| 24:18 | Build | Siege Workshop |
| 24:22 | Build | Siege Workshop |
| 24:23 | Build | Farm |
| 24:27 | Build | Farm |
| 24:33 | Build | Farm |
| 24:42 | Build | Farm |
| 24:43 | Build | Siege Workshop |
| 24:44 | Research | Tech None |
| 24:46 | Build | Farm |
| 24:47 | Build | Mill |
| 24:48 | Build | Farm |
| 24:50 | Build | Farm |
| 24:52 | Build | Farm |
| 24:55 | Build | Farm |
| 24:56 | Build | Farm |
| 24:58 | Build | Farm |
| 25:01 | Build | Farm |
| 25:03 | Build | Farm |
| 25:14 | Research | Tech None |
| 25:18 | Build | Farm |
| 25:19 | Build | Mill |
| 25:24 | Build | Farm |
| 25:25 | Build | Farm |
| 25:28 | Build | Farm |
Build order —
First 150 of 2261 actions detected
| 0:00 | Build | House |
| 0:02 | Build | House |
| 1:41 | Build | Lumber Camp |
| 2:00 | Build | Mill |
| 2:13 | Build | Lumber Camp |
| 4:57 | Build | Mining Camp |
| 5:51 | Research | Tech None |
| 6:41 | Research | Tech None |
| 6:41 | Build | Barracks |
| 9:16 | Build | Market |
| 9:17 | Research | Tech None |
| 9:17 | Build | Blacksmith |
| 9:18 | Research | Tech None |
| 9:18 | Build | Stable |
| 9:19 | Research | Tech None |
| 9:19 | Build | Farm |
| 9:19 | Build | Farm |
| 9:27 | Build | Farm |
| 9:39 | Build | Farm |
| 9:40 | Build | Farm |
| 9:40 | Build | Farm |
| 9:46 | Build | Farm |
| 10:01 | Build | Farm |
| 10:06 | Research | Tech None |
| 10:08 | Research | Tech None |
| 10:09 | Build | Farm |
| 12:47 | Research | Tech None |
| 12:47 | Research | Tech None |
| 12:47 | Build | Town Center |
| 12:48 | Research | Tech None |
| 12:48 | Build | Town Center |
| 13:11 | Research | Tech None |
| 13:30 | Build | Market |
| 13:30 | Build | Stable |
| 14:02 | Research | Tech None |
| 14:03 | Research | Tech None |
| 14:03 | Build | Stable |
| 14:35 | Build | Monastery |
| 14:51 | Build | Farm |
| 14:52 | Build | Farm |
| 15:04 | Build | Farm |
| 15:10 | Build | Farm |
| 15:27 | Build | Farm |
| 15:35 | Research | Tech None |
| 15:39 | Build | Farm |
| 15:42 | Build | Farm |
| 16:01 | Build | Farm |
| 16:02 | Build | Stable |
| 16:17 | Build | Lumber Camp |
| 16:23 | Research | Tech None |
| 16:23 | Build | Farm |
| 16:31 | Build | Farm |
| 16:42 | Build | Farm |
| 16:52 | Build | Farm |
| 16:57 | Research | Tech None |
| 16:57 | Build | Farm |
| 17:03 | Build | Farm |
| 17:26 | Build | Town Center |
| 17:39 | Research | Tech None |
| 17:49 | Build | Siege Workshop |
| 18:06 | Research | Tech None |
| 18:17 | Build | Farm |
| 18:22 | Build | Mining Camp |
| 18:31 | Build | Farm |
| 18:41 | Build | Farm |
| 18:48 | Build | Farm |
| 18:56 | Research | Tech None |
| 18:59 | Research | Tech None |
| 19:19 | Research | Tech None |
| 19:19 | Build | Archery Range |
| 19:41 | Build | Lumber Camp |
| 19:53 | Build | Barracks |
| 20:06 | Build | Barracks |
| 20:26 | Build | University |
| 20:32 | Build | Barracks |
| 20:45 | Build | Castle |
| 20:46 | Build | Mining Camp |
| 21:02 | Build | Market |
| 21:05 | Build | Barracks |
| 21:10 | Build | Barracks |
| 21:15 | Build | Barracks |
| 21:20 | Build | Barracks |
| 21:41 | Build | Farm |
| 21:42 | Build | Farm |
| 21:47 | Build | Farm |
| 21:55 | Build | Castle |
| 21:55 | Build | Market |
| 21:58 | Build | Mining Camp |
| 22:14 | Build | Barracks |
| 22:18 | Research | Tech None |
| 22:19 | Research | Tech None |
| 22:20 | Build | Barracks |
| 22:23 | Build | Farm |
| 22:28 | Build | Siege Workshop |
| 22:33 | Research | Tech None |
| 22:34 | Build | Market |
| 22:42 | Research | Tech None |
| 22:43 | Build | Barracks |
| 22:47 | Build | Farm |
| 22:57 | Build | Stable |
| 22:59 | Build | Farm |
| 23:00 | Build | Farm |
| 23:01 | Build | Stable |
| 23:08 | Research | Tech None |
| 23:12 | Build | Farm |
| 23:15 | Research | Tech None |
| 23:19 | Build | Stable |
| 23:22 | Research | Tech None |
| 23:23 | Build | Farm |
| 23:25 | Build | Farm |
| 23:37 | Build | Stable |
| 23:42 | Build | Lumber Camp |
| 23:47 | Build | Farm |
| 23:57 | Build | Archery Range |
| 24:00 | Build | Farm |
| 24:04 | Build | Farm |
| 24:08 | Build | Archery Range |
| 24:13 | Build | Farm |
| 24:18 | Build | Farm |
| 24:37 | Build | Farm |
| 24:38 | Build | Archery Range |
| 24:45 | Build | Archery Range |
| 24:51 | Build | Siege Workshop |
| 24:55 | Build | Farm |
| 24:59 | Build | Siege Workshop |
| 25:02 | Build | Farm |
| 25:05 | Build | Castle |
| 25:07 | Build | Farm |
| 25:18 | Build | Farm |
| 25:19 | Build | Mill |
| 25:24 | Build | Mill |
| 25:26 | Build | Farm |
| 25:29 | Build | Siege Workshop |
| 25:35 | Build | Siege Workshop |
| 25:37 | Build | Siege Workshop |
| 25:44 | Research | Tech None |
| 25:45 | Build | Farm |
| 25:50 | Build | Lumber Camp |
| 26:02 | Build | Farm |
| 26:03 | Build | Farm |
| 26:04 | Build | Farm |
| 26:05 | Build | Farm |
| 26:07 | Build | Farm |
| 26:07 | Build | Farm |
| 26:09 | Build | Farm |
| 26:10 | Build | Farm |
| 26:12 | Build | Mill |
| 26:13 | Build | Farm |
| 26:14 | Build | Mill |
| 26:18 | Build | Mill |
Build order —
First 150 of 3289 actions detected
| 0:00 | Build | House |
| 0:02 | Build | House |
| 1:41 | Build | Lumber Camp |
| 2:00 | Build | Mill |
| 2:14 | Build | Lumber Camp |
| 2:28 | Research | Tech None |
| 3:34 | Research | Tech None |
| 3:38 | Research | Tech None |
| 4:24 | Build | Barracks |
| 5:56 | Research | Tech None |
| 5:56 | Build | Stable |
| 6:19 | Build | Farm |
| 6:41 | Build | Farm |
| 7:11 | Research | Tech None |
| 7:36 | Research | Tech None |
| 8:27 | Build | Mining Camp |
| 8:27 | Build | Farm |
| 9:16 | Build | Archery Range |
| 9:40 | Research | Tech None |
| 10:16 | Build | Market |
| 10:25 | Research | Tech None |
| 10:40 | Build | Lumber Camp |
| 10:54 | Build | Blacksmith |
| 10:56 | Research | Tech None |
| 11:16 | Research | Tech None |
| 12:47 | Build | Market |
| 13:37 | Research | Tech None |
| 13:37 | Research | Tech None |
| 13:37 | Research | Tech None |
| 13:37 | Research | Tech None |
| 13:38 | Build | Town Center |
| 13:47 | Build | Town Center |
| 13:59 | Build | Farm |
| 14:13 | Build | Monastery |
| 14:26 | Build | Farm |
| 14:42 | Build | Farm |
| 14:52 | Build | Farm |
| 15:12 | Build | Farm |
| 15:21 | Build | Barracks |
| 15:36 | Build | Farm |
| 15:42 | Build | Farm |
| 16:01 | Build | Barracks |
| 16:06 | Build | Farm |
| 16:15 | Build | Farm |
| 16:21 | Build | Farm |
| 16:24 | Build | Farm |
| 16:31 | Build | Farm |
| 16:38 | Build | Farm |
| 16:51 | Build | Barracks |
| 16:52 | Build | Farm |
| 16:58 | Build | Farm |
| 17:05 | Build | Farm |
| 17:13 | Build | Farm |
| 17:22 | Build | Farm |
| 17:28 | Build | Barracks |
| 17:37 | Build | Barracks |
| 17:59 | Build | Barracks |
| 18:11 | Build | Siege Workshop |
| 18:12 | Research | Tech None |
| 18:13 | Research | Tech None |
| 18:13 | Build | Farm |
| 18:19 | Build | Farm |
| 18:27 | Build | Stable |
| 18:32 | Build | Farm |
| 18:42 | Build | Farm |
| 18:46 | Build | Archery Range |
| 18:54 | Build | Archery Range |
| 19:05 | Build | Farm |
| 19:08 | Build | Archery Range |
| 19:18 | Research | Tech None |
| 19:19 | Research | Tech None |
| 19:23 | Build | Farm |
| 19:33 | Build | Farm |
| 19:46 | Build | Siege Workshop |
| 19:57 | Research | Tech None |
| 19:58 | Build | Farm |
| 20:07 | Build | Stable |
| 20:17 | Build | University |
| 20:32 | Research | Tech None |
| 20:36 | Build | Lumber Camp |
| 20:50 | Build | Mining Camp |
| 20:55 | Build | Stable |
| 21:22 | Build | Stable |
| 21:26 | Build | University |
| 21:35 | Build | Castle |
| 21:35 | Build | Market |
| 21:37 | Research | Tech None |
| 21:39 | Build | Mining Camp |
| 21:49 | Build | Stable |
| 22:08 | Build | Stable |
| 22:13 | Build | Stable |
| 22:15 | Build | Stable |
| 22:20 | Research | Tech None |
| 22:20 | Research | Tech None |
| 22:29 | Research | Tech None |
| 22:29 | Research | Tech None |
| 22:31 | Build | Lumber Camp |
| 22:36 | Build | Archery Range |
| 22:42 | Build | Siege Workshop |
| 22:47 | Build | Castle |
| 22:47 | Build | Market |
| 22:49 | Build | Siege Workshop |
| 23:06 | Research | Tech None |
| 23:07 | Build | Siege Workshop |
| 23:10 | Build | Siege Workshop |
| 23:23 | Build | Town Center |
| 23:48 | Research | Tech None |
| 24:06 | Research | Tech None |
| 24:11 | Build | Farm |
| 24:13 | Research | Tech None |
| 24:35 | Build | Market |
| 24:37 | Build | Lumber Camp |
| 24:42 | Build | Market |
| 24:50 | Build | Farm |
| 24:51 | Build | Market |
| 25:02 | Build | Farm |
| 25:08 | Build | Town Center |
| 25:19 | Research | Tech None |
| 25:39 | Research | Tech None |
| 25:44 | Research | Tech None |
| 26:01 | Research | Tech None |
| 26:01 | Build | Farm |
| 26:02 | Build | Farm |
| 26:10 | Research | Tech None |
| 26:23 | Build | Farm |
| 26:27 | Build | Castle |
| 26:31 | Build | Farm |
| 26:41 | Build | Farm |
| 26:55 | Build | Farm |
| 27:06 | Build | Farm |
| 27:24 | Build | Farm |
| 27:26 | Build | Farm |
| 27:26 | Build | Farm |
| 27:30 | Build | Farm |
| 27:32 | Build | Farm |
| 27:37 | Build | Lumber Camp |
| 27:45 | Research | Tech None |
| 27:52 | Build | Farm |
| 27:55 | Build | Farm |
| 28:08 | Build | Farm |
| 28:08 | Build | Market |
| 28:11 | Research | Tech None |
| 28:39 | Build | Farm |
| 28:47 | Build | Farm |
| 28:49 | Build | Castle |
| 28:50 | Build | Farm |
| 28:52 | Build | Mill |
| 29:01 | Build | Farm |
| 29:05 | Research | Tech None |
| 29:12 | Build | Farm |
Build order —
First 150 of 2255 actions detected
| 0:00 | Build | House |
| 0:02 | Build | House |
| 1:41 | Build | Lumber Camp |
| 2:00 | Build | Mill |
| 2:25 | Build | Lumber Camp |
| 2:56 | Research | Tech None |
| 3:22 | Research | Tech None |
| 4:09 | Build | Barracks |
| 5:56 | Research | Tech None |
| 5:56 | Build | Archery Range |
| 5:57 | Research | Tech None |
| 6:31 | Research | Tech None |
| 8:08 | Build | Blacksmith |
| 9:01 | Build | Mining Camp |
| 9:44 | Build | Market |
| 10:01 | Build | Farm |
| 10:09 | Build | Farm |
| 10:10 | Research | Tech None |
| 10:28 | Build | Farm |
| 10:43 | Build | Farm |
| 10:51 | Build | Farm |
| 11:15 | Build | Farm |
| 11:19 | Research | Tech None |
| 11:20 | Build | Farm |
| 11:52 | Build | Archery Range |
| 12:51 | Research | Tech None |
| 12:51 | Research | Tech None |
| 12:51 | Research | Tech None |
| 12:51 | Research | Tech None |
| 12:52 | Build | Town Center |
| 12:56 | Research | Tech None |
| 13:24 | Research | Tech None |
| 13:46 | Research | Tech None |
| 14:42 | Build | Town Center |
| 14:49 | Build | Monastery |
| 15:19 | Build | Archery Range |
| 15:47 | Build | Farm |
| 15:48 | Build | Farm |
| 15:49 | Build | Farm |
| 16:11 | Build | University |
| 16:29 | Build | Archery Range |
| 16:43 | Build | Farm |
| 16:45 | Build | Farm |
| 16:46 | Build | Farm |
| 16:52 | Build | Farm |
| 17:02 | Build | Farm |
| 17:11 | Build | Farm |
| 17:14 | Build | Farm |
| 17:37 | Research | Tech None |
| 17:59 | Build | Siege Workshop |
| 18:30 | Research | Tech None |
| 18:42 | Research | Tech None |
| 18:56 | Build | Farm |
| 19:02 | Build | Archery Range |
| 19:09 | Build | Archery Range |
| 19:24 | Build | Farm |
| 19:54 | Build | Farm |
| 20:00 | Research | Tech None |
| 20:09 | Build | Archery Range |
| 20:15 | Build | Archery Range |
| 20:23 | Research | Tech None |
| 20:23 | Build | Farm |
| 20:38 | Build | Lumber Camp |
| 20:40 | Build | Mining Camp |
| 21:08 | Build | Stable |
| 21:11 | Build | Siege Workshop |
| 21:16 | Research | Tech None |
| 21:22 | Build | Mining Camp |
| 21:28 | Build | Lumber Camp |
| 21:33 | Build | Siege Workshop |
| 21:36 | Build | Siege Workshop |
| 21:46 | Research | Tech None |
| 21:48 | Build | Siege Workshop |
| 21:48 | Build | Market |
| 22:01 | Build | Castle |
| 22:06 | Build | Mining Camp |
| 22:09 | Research | Tech None |
| 22:33 | Build | Siege Workshop |
| 22:40 | Build | Siege Workshop |
| 22:47 | Build | Siege Workshop |
| 22:53 | Build | Barracks |
| 23:01 | Build | Market |
| 23:07 | Build | Castle |
| 23:08 | Build | Mining Camp |
| 23:17 | Build | Siege Workshop |
| 23:30 | Build | Barracks |
| 23:35 | Research | Tech None |
| 23:38 | Build | Market |
| 23:49 | Research | Tech None |
| 23:57 | Research | Tech None |
| 24:24 | Research | Tech None |
| 24:27 | Build | Lumber Camp |
| 24:33 | Build | Barracks |
| 24:35 | Research | Tech None |
| 24:35 | Build | Market |
| 24:40 | Build | Barracks |
| 24:48 | Build | Siege Workshop |
| 24:50 | Build | Farm |
| 24:52 | Build | Barracks |
| 25:02 | Build | Barracks |
| 25:03 | Build | Castle |
| 25:08 | Build | Mining Camp |
| 25:16 | Research | Tech None |
| 25:17 | Build | Barracks |
| 25:23 | Build | Stable |
| 25:25 | Build | Stable |
| 25:35 | Build | Town Center |
| 25:39 | Research | Tech None |
| 26:01 | Research | Tech None |
| 26:03 | Build | Archery Range |
| 26:40 | Research | Tech None |
| 27:16 | Build | Farm |
| 27:18 | Build | Farm |
| 27:27 | Build | Lumber Camp |
| 27:42 | Research | Tech None |
| 27:43 | Build | Farm |
| 27:49 | Build | Farm |
| 27:56 | Build | Castle |
| 27:57 | Research | Tech None |
| 28:05 | Build | Market |
| 28:14 | Build | Farm |
| 28:16 | Build | Farm |
| 28:30 | Build | Farm |
| 28:36 | Research | Tech None |
| 28:39 | Build | Farm |
| 28:41 | Build | Farm |
| 28:44 | Build | Bombard Tower |
| 29:05 | Build | Farm |
| 29:11 | Build | Farm |
| 29:22 | Build | Bombard Tower |
| 29:23 | Build | Bombard Tower |
| 29:27 | Research | Tech None |
| 29:29 | Build | Farm |
| 29:30 | Build | Farm |
| 29:31 | Build | Farm |
| 29:33 | Build | Farm |
| 29:34 | Build | Farm |
| 29:41 | Build | Farm |
| 29:42 | Build | Bombard Tower |
| 29:44 | Build | Bombard Tower |
| 29:54 | Build | Farm |
| 29:55 | Build | Bombard Tower |
| 29:56 | Build | Farm |
| 29:57 | Build | Lumber Camp |
| 30:00 | Build | Bombard Tower |
| 30:04 | Build | Farm |
| 30:07 | Build | Farm |
| 30:10 | Build | Bombard Tower |
| 30:12 | Build | Bombard Tower |
| 30:14 | Build | Bombard Tower |
Match timeline
| 1:13 | Nice2meu · wall_segment Palisade Wall x16 |
| 1:20 | 探吉教~Iron man · wall_segment Palisade Wall x1 |
| 1:37 | 叶火火 · wall_segment Palisade Wall x12 |
| 2:15 | 看着我飘... · wall_segment Palisade Wall x4 |
| 2:21 | 看着我飘... · wall_segment Palisade Wall x5 |
| 2:26 | 看着我飘... · wall_segment Palisade Wall x4 |
| 2:29 | 叶火火 · wall_segment Palisade Wall x1 |
| 2:29 | 看着我飘... · wall_segment Palisade Wall x11 |
| 2:31 | 看着我飘... · wall_segment Palisade Wall x10 |
| 4:09 | · first_building Barracks |
| 4:24 | · first_building Barracks |
| 5:01 | Nice2meu · wall_segment Palisade Wall x14 |
| 5:24 | 看着我飘... · wall_segment Palisade Wall x1 |
| 5:38 | 叶火火 · wall_segment Palisade Wall x12 |
| 5:56 | · first_building Stable |
| 5:56 | · first_building Archery Range |
| 6:08 | 看着我飘... · wall_segment Palisade Wall x6 |
| 6:09 | 看着我飘... · wall_segment Palisade Wall x5 |
| 6:41 | 叶火火 · wall_segment Palisade Wall x4 |
| 6:41 | · first_building Barracks |
| 6:41 | · first_building Barracks |
| 6:42 | Nice2meu · wall_segment Palisade Wall x15 |
| 7:05 | 叶火火 · wall_segment Palisade Wall x17 |
| 8:20 | 看着我飘... · wall_segment Palisade Wall x9 |
| 8:23 | 看着我飘... · wall_segment Palisade Wall x8 |
| 8:51 | Nice2meu · wall_segment Palisade Wall x16 |
| 8:54 | · first_building Stable |
| 9:16 | · first_building Archery Range |
| 9:18 | · first_building Stable |
| 9:23 | 看着我飘... · wall_segment Palisade Wall x1 |
| 10:16 | 看着我飘... · wall_segment Palisade Wall x5 |
| 10:18 | 看着我飘... · wall_segment Palisade Wall x12 |
| 10:28 | 探吉教~Iron man · age_up feudal |
| 10:49 | Nice2meu · wall_segment Palisade Wall x13 |
| 11:39 | Nice2meu · age_up feudal |
| 11:52 | 叶火火 · age_up feudal |
| 12:03 | 叶火火 · wall_segment Stone Wall x20 |
| 12:07 | 叶火火 · wall_segment Stone Wall x20 |
| 12:11 | · first_market_sell 100 food |
| 12:11 | 叶火火 · wall_segment Stone Wall x4 |
| 12:22 | · first_market_sell 100 food |
| 12:47 | · first_market_sell 100 food |
| 12:54 | Nice2meu · wall_segment Stone Wall x10 |
| 13:31 | 叶火火 · wall_segment Stone Wall x21 |
| 13:43 | 叶火火 · wall_segment Stone Wall x22 |
| 13:48 | · first_building Monastery |
| 13:59 | 叶火火 · wall_segment Stone Wall x1 |
| 14:01 | 叶火火 · wall_segment Stone Wall x32 |
| 14:01 | 看着我飘... · age_up feudal |
| 14:04 | 叶火火 · wall_segment Stone Wall x24 |
| 14:05 | 探吉教~Iron man · age_up castle |
| 14:05 | 看着我飘... · wall_segment Stone Wall x5 |
| 14:09 | 看着我飘... · wall_segment Stone Wall x11 |
| 14:12 | 叶火火 · wall_segment Stone Wall x27 |
| 14:13 | · first_building Monastery |
| 14:18 | 叶火火 · wall_segment Stone Wall x24 |
| 14:34 | Nice2meu · wall_segment Stone Wall x9 |
| 14:35 | · first_building Monastery |
| 14:49 | · first_building Monastery |
| 15:08 | · first_building Siege Workshop |
| 15:34 | 看着我飘... · wall_segment Stone Wall x6 |
| 15:54 | 叶火火 · age_up castle |
| 16:14 | 看着我飘... · wall_segment Stone Wall x5 |
| 16:16 | 看着我飘... · wall_segment Stone Wall x6 |
| 16:26 | Nice2meu · wall_segment Stone Wall x9 |
| 16:39 | 探吉教~Iron man · first_building Monastery |
| 17:02 | Nice2meu · age_up castle |
| 17:06 | Nice2meu · first_building Monastery |
| 17:19 | 看着我飘... · wall_segment Stone Wall x5 |
| 17:20 | 看着我飘... · wall_segment Stone Wall x7 |
| 17:40 | 看着我飘... · wall_segment Stone Wall x5 |
| 17:41 | 看着我飘... · wall_segment Stone Wall x9 |
| 17:49 | · first_building Siege Workshop |
| 17:52 | · first_market_buy 100 wood |
| 17:59 | · first_building Siege Workshop |
| 18:01 | 看着我飘... · wall_segment Stone Wall x11 |
| 18:05 | Nice2meu · wall_segment Stone Wall x11 |
| 18:11 | · first_building Siege Workshop |
| 18:29 | 看着我飘... · wall_segment Stone Wall x5 |
| 18:31 | · first_market_sell 100 food |
| 18:36 | 看着我飘... · wall_segment Stone Wall x4 |
| 18:53 | 看着我飘... · age_up castle |
| 19:10 | · first_market_buy 100 wood |
| 19:19 | · first_building Archery Range |
| 19:50 | 看着我飘... · wall_segment Stone Wall x5 |
| 19:58 | 看着我飘... · wall_segment Stone Wall x1 |
| 20:08 | · first_market_buy 100 wood |
| 20:15 | Nice2meu · wall_segment Stone Wall x12 |
| 20:34 | 看着我飘... · first_market_buy 100 wood |
| 20:45 | · first_building Castle |
| 20:52 | 看着我飘... · wall_segment Stone Wall x7 |
| 21:00 | Nice2meu · first_building Siege Workshop |
| 21:08 | · first_building Stable |
| 21:12 | 看着我飘... · wall_segment Stone Wall x8 |
| 21:35 | · first_building Castle |
| 21:57 | · first_building Castle |
| 22:01 | · first_building Castle |
| 22:19 | 看着我飘... · wall_segment Stone Wall x9 |
| 22:27 | Nice2meu · wall_segment Stone Wall x12 |
| 23:03 | · first_building Archery Range |
| 23:15 | 看着我飘... · wall_segment Stone Wall x9 |
| 23:42 | 叶火火 · first_building Monastery |
| 24:12 | 看着我飘... · wall_segment Stone Wall x1 |
| 24:42 | Nice2meu · wall_segment Stone Wall x12 |
| 24:59 | 看着我飘... · wall_segment Stone Wall x10 |
| 26:14 | 看着我飘... · wall_segment Stone Wall x13 |
| 26:50 | 探吉教~Iron man · first_building Barracks |
| 27:28 | 探吉教~Iron man · first_building Castle |
| 27:32 | 看着我飘... · wall_segment Stone Wall x16 |
| 27:41 | 探吉教~Iron man · first_building Stable |
| 28:25 | · first_building Krepost |
| 29:06 | · first_market_buy 100 food |
| 29:18 | 探吉教~Iron man · age_up imperial |
| 29:26 | Nice2meu · age_up imperial |
| 29:43 | 探吉教~Iron man · first_building Siege Workshop |
| 29:55 | 看着我飘... · wall_segment Stone Wall x19 |
| 30:06 | 看着我飘... · wall_segment Stone Wall x4 |
| 30:29 | 探吉教~Iron man · first_market_sell 100 wood |
| 30:37 | Nice2meu · wall_segment Stone Wall x11 |
| 31:08 | 看着我飘... · wall_segment Stone Wall x8 |
| 31:16 | Nice2meu · first_building Castle |
| 31:32 | 看着我飘... · wall_segment Stone Wall x18 |
| 31:48 | 看着我飘... · first_market_sell 100 wood |
| 32:20 | Nice2meu · wall_segment Stone Wall x9 |
| 32:44 | 叶火火 · first_market_buy 100 wood |
| 33:06 | 看着我飘... · wall_segment Stone Wall x6 |
| 33:16 | 叶火火 · age_up imperial |
| 33:19 | 看着我飘... · wall_segment Stone Wall x7 |
| 33:37 | 看着我飘... · wall_segment Stone Wall x4 |
| 33:42 | Nice2meu · wall_segment Stone Wall x8 |
| 33:46 | 叶火火 · first_building Castle |
| 34:16 | 看着我飘... · first_building Monastery |
| 34:44 | Nice2meu · wall_segment Stone Wall x12 |
| 34:46 | 看着我飘... · wall_segment Stone Wall x17 |
| 34:55 | 叶火火 · wall_segment Stone Wall x20 |
| 35:07 | 看着我飘... · first_building Castle |
| 35:36 | 叶火火 · first_building Barracks |
| 35:52 | Nice2meu · wall_segment Stone Wall x9 |
| 36:33 | 叶火火 · first_building Stable |
| 36:48 | 叶火火 · first_building Siege Workshop |
| 37:20 | Nice2meu · wall_segment Stone Wall x12 |
| 37:44 | 看着我飘... · wall_segment Stone Wall x5 |
| 38:20 | 看着我飘... · wall_segment Stone Wall x16 |
| 38:38 | 叶火火 · wall_segment Stone Wall x12 |
| 38:56 | Nice2meu · wall_segment Stone Wall x11 |
| 39:08 | 看着我飘... · age_up imperial |
| 39:43 | 叶火火 · wall_segment Stone Wall x11 |
| 39:44 | 叶火火 · wall_segment Stone Wall x5 |
| 39:47 | 看着我飘... · wall_segment Stone Wall x16 |
| 40:51 | 看着我飘... · wall_segment Stone Wall x14 |
| 41:54 | 叶火火 · wall_segment Stone Wall x1 |
| 42:20 | 叶火火 · tribute_sent a jugador 2 |
| 42:20 | 叶火火 · tribute_sent a jugador 3 |
| 42:20 | 叶火火 · tribute_sent a jugador 4 |
| 42:20 | 叶火火 · tribute_sent a jugador 5 |
| 42:20 | 叶火火 · tribute_sent a jugador 6 |
| 42:20 | 叶火火 · tribute_sent a jugador 7 |
| 42:20 | 叶火火 · tribute_sent a jugador 8 |
| 42:31 | Nice2meu · wall_segment Stone Wall x10 |
| 43:30 | 探吉教~Iron man · first_building Archery Range |
| 44:04 | Nice2meu · first_building Barracks |
| 45:40 | 看着我飘... · first_building Barracks |
| 47:46 | 叶火火 · tribute_sent a jugador 2 |
| 47:46 | 叶火火 · tribute_sent a jugador 3 |
| 47:46 | 叶火火 · tribute_sent a jugador 4 |
| 47:46 | 叶火火 · tribute_sent a jugador 5 |
| 47:46 | 叶火火 · tribute_sent a jugador 6 |
| 47:46 | 叶火火 · tribute_sent a jugador 7 |
| 47:46 | 叶火火 · tribute_sent a jugador 8 |
| 48:38 | 探吉教~Iron man · tribute_sent a jugador 1 |
| 48:38 | 探吉教~Iron man · tribute_sent a jugador 2 |
| 48:38 | 探吉教~Iron man · tribute_sent a jugador 3 |
| 48:38 | 探吉教~Iron man · tribute_sent a jugador 5 |
| 48:38 | 探吉教~Iron man · tribute_sent a jugador 6 |
| 48:38 | 探吉教~Iron man · tribute_sent a jugador 7 |
| 48:38 | 探吉教~Iron man · tribute_sent a jugador 8 |
| 49:06 | 看着我飘... · first_building Stable |
| 52:24 | 叶火火 · wall_segment Stone Wall x8 |
| 54:35 | 叶火火 · wall_segment Stone Wall x5 |
| 55:48 | Nice2meu · wall_segment Stone Wall x7 |
| 56:14 | Nice2meu · wall_segment Stone Wall x5 |
| 57:21 | Nice2meu · first_market_sell 500 wood |
| 58:18 | Nice2meu · tribute_sent a jugador 1 |
| 58:18 | Nice2meu · tribute_sent a jugador 3 |
| 58:18 | Nice2meu · tribute_sent a jugador 4 |
| 58:18 | Nice2meu · tribute_sent a jugador 5 |
| 58:18 | Nice2meu · tribute_sent a jugador 6 |
| 58:18 | Nice2meu · tribute_sent a jugador 7 |
| 58:18 | Nice2meu · tribute_sent a jugador 8 |
| 62:28 | Nice2meu · tribute_sent a jugador 1 |
| 62:28 | Nice2meu · tribute_sent a jugador 3 |
| 62:28 | Nice2meu · tribute_sent a jugador 4 |
| 62:28 | Nice2meu · tribute_sent a jugador 5 |
| 62:28 | Nice2meu · tribute_sent a jugador 6 |
| 62:28 | Nice2meu · tribute_sent a jugador 7 |
| 62:28 | Nice2meu · tribute_sent a jugador 8 |
| 64:47 | Nice2meu · tribute_sent a jugador 1 |
| 64:47 | Nice2meu · tribute_sent a jugador 3 |
| 64:47 | Nice2meu · tribute_sent a jugador 4 |
| 64:47 | Nice2meu · tribute_sent a jugador 5 |
| 64:47 | Nice2meu · tribute_sent a jugador 6 |
| 64:47 | Nice2meu · tribute_sent a jugador 7 |
| 64:47 | Nice2meu · tribute_sent a jugador 8 |
| 66:26 | 叶火火 · wall_segment Stone Wall x1 |
| 67:26 | 探吉教~Iron man · tribute_sent a jugador 1 |
| 67:26 | 探吉教~Iron man · tribute_sent a jugador 2 |
| 67:26 | 探吉教~Iron man · tribute_sent a jugador 3 |
| 67:26 | 探吉教~Iron man · tribute_sent a jugador 5 |
| 67:26 | 探吉教~Iron man · tribute_sent a jugador 6 |
| 67:26 | 探吉教~Iron man · tribute_sent a jugador 7 |
| 67:26 | 探吉教~Iron man · tribute_sent a jugador 8 |
| 67:28 | 看着我飘... · tribute_sent a jugador 1 |
| 67:28 | 看着我飘... · tribute_sent a jugador 2 |
| 67:28 | 看着我飘... · tribute_sent a jugador 4 |
| 67:28 | 看着我飘... · tribute_sent a jugador 5 |
| 67:28 | 看着我飘... · tribute_sent a jugador 6 |
| 67:28 | 看着我飘... · tribute_sent a jugador 7 |
| 67:28 | 看着我飘... · tribute_sent a jugador 8 |
| 67:49 | 叶火火 · tribute_sent a jugador 2 |
| 67:49 | 叶火火 · tribute_sent a jugador 3 |
| 67:49 | 叶火火 · tribute_sent a jugador 4 |
| 67:49 | 叶火火 · tribute_sent a jugador 5 |
| 67:49 | 叶火火 · tribute_sent a jugador 6 |
| 67:49 | 叶火火 · tribute_sent a jugador 7 |
| 67:49 | 叶火火 · tribute_sent a jugador 8 |
| 67:53 | Nice2meu · tribute_sent a jugador 1 |
| 67:53 | Nice2meu · tribute_sent a jugador 3 |
| 67:53 | Nice2meu · tribute_sent a jugador 4 |
| 67:53 | Nice2meu · tribute_sent a jugador 5 |
| 67:53 | Nice2meu · tribute_sent a jugador 6 |
| 67:53 | Nice2meu · tribute_sent a jugador 7 |
| 67:53 | Nice2meu · tribute_sent a jugador 8 |
| 67:55 | 看着我飘... · tribute_sent a jugador 1 |
| 67:55 | 看着我飘... · tribute_sent a jugador 2 |
| 67:55 | 看着我飘... · tribute_sent a jugador 4 |
| 67:55 | 看着我飘... · tribute_sent a jugador 5 |
| 67:55 | 看着我飘... · tribute_sent a jugador 6 |
| 67:55 | 看着我飘... · tribute_sent a jugador 7 |
| 67:55 | 看着我飘... · tribute_sent a jugador 8 |
| 71:05 | Nice2meu · first_market_buy 500 wood |
| 73:44 | Nice2meu · tribute_sent a jugador 1 |
| 73:44 | Nice2meu · tribute_sent a jugador 3 |
| 73:44 | Nice2meu · tribute_sent a jugador 4 |
| 73:44 | Nice2meu · tribute_sent a jugador 5 |
| 73:44 | Nice2meu · tribute_sent a jugador 6 |
| 73:44 | Nice2meu · tribute_sent a jugador 7 |
| 73:44 | Nice2meu · tribute_sent a jugador 8 |
| 74:07 | 看着我飘... · tribute_sent a jugador 1 |
| 74:07 | 看着我飘... · tribute_sent a jugador 2 |
| 74:07 | 看着我飘... · tribute_sent a jugador 4 |
| 74:07 | 看着我飘... · tribute_sent a jugador 5 |
| 74:07 | 看着我飘... · tribute_sent a jugador 6 |
| 74:07 | 看着我飘... · tribute_sent a jugador 7 |
| 74:07 | 看着我飘... · tribute_sent a jugador 8 |
| 74:47 | 看着我飘... · tribute_sent a jugador 1 |
| 74:47 | 看着我飘... · tribute_sent a jugador 2 |
| 74:47 | 看着我飘... · tribute_sent a jugador 4 |
| 74:47 | 看着我飘... · tribute_sent a jugador 5 |
| 74:47 | 看着我飘... · tribute_sent a jugador 6 |
| 74:47 | 看着我飘... · tribute_sent a jugador 7 |
| 74:47 | 看着我飘... · tribute_sent a jugador 8 |
| 74:49 | Nice2meu · tribute_sent a jugador 1 |
| 74:49 | Nice2meu · tribute_sent a jugador 3 |
| 74:49 | Nice2meu · tribute_sent a jugador 4 |
| 74:49 | Nice2meu · tribute_sent a jugador 5 |
| 74:49 | Nice2meu · tribute_sent a jugador 6 |
| 74:49 | Nice2meu · tribute_sent a jugador 7 |
| 74:49 | Nice2meu · tribute_sent a jugador 8 |
| 76:31 | Nice2meu · wall_segment Stone Wall x15 |
| 77:16 | 看着我飘... · tribute_sent a jugador 1 |
| 77:16 | 看着我飘... · tribute_sent a jugador 2 |
| 77:16 | 看着我飘... · tribute_sent a jugador 4 |
| 77:16 | 看着我飘... · tribute_sent a jugador 5 |
| 77:16 | 看着我飘... · tribute_sent a jugador 6 |
| 77:16 | 看着我飘... · tribute_sent a jugador 7 |
| 77:16 | 看着我飘... · tribute_sent a jugador 8 |
| 78:11 | Nice2meu · resign |
[ AI ANALYSIS · 1 CREDIT ]
What really happened in this match?
Wolo.gg analyzes every decision: build order, eco, micro, common mistakes by bracket. Personalized analysis on WhatsApp or Discord in 30 seconds.
Civ guide
Persians
Perfil
Jugador #562007